Map: Invader LE

Players

PsyMatic - Winner!

  • Race: Terran Terran
  • League: Gold

capac

  • Race: Terran Terran
  • League: Gold

VOD

Have the link to the VOD?

Description

Time

  • Played on: April 10, 2016, 12:21 p.m.
  • Length: 14:47
Show
View Real Time Build Order
Export as new Build Order

PsyMatic Terran - Winner!

Build Orders: Reaper Expand, MMM Bio 

Get SALT Encoding   

  12  0:00  SCV  
  13  0:13  SCV  
  14  0:18  Supply Depot  
  14  0:25  SCV  
  15  0:40  SCV  
  15  0:41  Barracks  
  16  0:46  Refinery  
  16  0:52  SCV  
  17  1:04  SCV  
  18  1:16  SCV  
  19  1:30  Reaper  
  19  1:31  Orbital Command  
  20  1:48  Command Center  
  20  1:58  SCV  
  20  1:59  Supply Depot  
  20  2:13  SCV  
  20  2:14  Factory  
  21  2:23  Refinery  
  21  2:25  SCV  
  21  2:26  Marine  
  23  2:37  SCV  
  23  2:38  Supply Depot  
  23  2:44  Marine  
  25  2:54  Engineering Bay, SCV  
  25  2:57  Factory Tech Lab  
  26  3:03  Starport  
  26  3:08  SCV  
  26  3:12  Orbital Command  
  27  3:23  Siege Tank  
  30  3:30  SCV  
  31  3:38  SCV  
  32  3:44  SCV  
  32  3:48  Starport Reactor  
  33  3:49  Barracks Reactor  
  33  3:52  Terran Infantry Weapons Level 1  
  33  3:54  Barracks, SCV  
  34  3:58  SCV  
  35  4:06  SCV  
  35  4:17  Siege Tank  
  35  4:18  SCV  
  35  4:19  Barracks, SCV  
  35  4:21  Refinery  
  35  4:22  Refinery  
  40  4:26  Marine x2  
  40  4:30  SCV  
  43  4:34  Supply Depot  
  43  4:38  SCV  
  44  4:48  Bunker  
  44  4:50  SCV  
  44  4:51  Marine x2  
  44  4:52  Siege Tank  
  50  5:01  SCV  
  50  5:02  Barracks Tech Lab  
  42  5:18  Marine x2  
  42  5:19  SCV x2  
  46  5:25  Barracks Tech Lab  
  46  5:27  Stimpack  
  46  5:31  SCV  
  46  5:32  SCV  
  48  5:36  Marine  
  48  5:42  Missile Turret x2  
  49  5:53  SCV  
  49  5:54  Marine, SCV  
  52  5:58  Combat Shields  
  52  6:05  SCV  
  52  6:06  SCV  
  52  6:09  Barracks, Marine x3  
  57  6:12  Barracks  
  57  6:13  Terran Infantry Armor Level 1  
  57  6:17  SCV  
  58  6:19  SCV  
  58  6:20  Marine  
  60  6:26  Supply Depot  
  60  6:29  Supply Depot  
  60  6:32  SCV x2  
  62  6:48  SCV  
  62  6:52  Marine x2  
  62  6:53  Marine  
  66  7:00  Supply Depot  
  65  7:14  Marine x3  
  65  7:15  Marine  
  69  7:16  Siege Tank, Medivac  
  69  7:18  SCV  
  75  7:23  Barracks Reactor  
  75  7:25  Barracks Reactor  
  75  7:26  Command Center  
  75  7:29  Missile Turret  
  75  7:32  Marine x2, Missile Turret  
  75  7:36  SCV  
  75  7:37  Marine, SCV  
  80  7:44  Armory  
  80  7:51  Marine x2  
  80  7:53  Engineering Bay  
  80  7:54  SCV  
  83  8:04  Marine, SCV  
  83  8:05  Marine  
  86  8:12  Supply Depot  
  86  8:17  Supply Depot  
  86  8:34  Marine x7, SCV  
  86  8:38  Missile Turret, SCV, Medivac x2  
  86  8:40  Marine  
  100  8:41  Supply Depot  
  100  8:44  SCV  
  100  8:45  Supply Depot  
  101  8:52  Missile Turret  
  101  8:56  Missile Turret  
  101  9:00  Marine x2  
  101  9:01  Marine x3  
  106  9:09  Medivac x2  
  110  9:21  Marine x2, Planetary Fortress  
  110  9:22  Marine  
  110  9:23  Refinery  
  113  9:33  Marine x4  
  113  9:34  Marine  
  118  9:45  Marine x3  
  121  9:48  Terran Infantry Weapons Level 2  
  121  9:51  Terran Vehicle Weapons Level 1, Marine  
  121  10:19  Marine x3  
  121  10:20  Marine x5  
  129  10:21  SCV  
  130  10:37  Marine x3  
  133  11:10  Marine x3, SCV x2  
  133  11:11  Marauder x2, Marine x3  
  104  11:28  Marine x6  
  104  11:31  Supply Depot  
  104  11:32  Supply Depot x2, Marauder x2  
  114  11:33  Supply Depot  
  106  11:51  Marine  
  106  11:52  Marine x4  
  113  11:54  Marauder  
  113  11:56  Command Center  
  104  12:01  Marine x2  
  104  12:03  Siege Tank, Medivac x2  
  113  12:09  Marine x2  
  113  12:12  SCV  
  113  12:13  SCV x2  
  118  12:23  Marine  
  118  12:24  Barracks, SCV  
  118  12:28  SCV x2  
  118  12:29  Marine  
  123  12:30  Marine  
  123  12:33  Medivac  
  123  12:35  Siege Tank  
  123  12:36  Marine  
  130  12:37  Refinery  
  130  12:38  SCV  
  130  12:40  SCV  
  130  12:41  SCV  
  133  12:48  Marine x3  
  133  12:53  Medivac  
  133  12:54  Marine x5  
  140  13:06  Marine  
  140  13:09  Marine x2  
  140  13:11  Factory, Marine  
  140  13:12  Factory, Marine x2  
  139  13:34  Marine  
  139  13:35  Marine x3  
  139  13:36  Marauder  
  144  13:42  Marine x3  
  147  13:54  Marine x3  
  147  13:55  Refinery, Marine x2  
  152  13:57  Refinery, Marine  
  152  14:01  Marine, SCV x2  
  156  14:05  Barracks Tech Lab  
  151  14:11  Marine  
  151  14:12  Marine x5  
Show
View Real Time Build Order
Export as new Build Order

capac Terran 

Build Orders: MMM Bio 

Get SALT Encoding   

  12  0:01  SCV  
  13  0:13  SCV  
  14  0:18  Supply Depot  
  14  0:25  SCV  
  15  0:40  SCV  
  15  0:41  Barracks  
  16  0:48  Refinery  
  16  0:53  SCV  
  17  1:05  SCV  
  18  1:17  SCV  
  19  1:34  Barracks Reactor  
  19  1:41  Command Center  
  19  1:45  Orbital Command  
  19  2:11  Factory  
  19  2:13  Refinery  
  19  2:14  Marine x2  
  21  2:17  Supply Depot  
  21  2:19  SCV  
  22  2:32  Marine  
  23  2:38  Marine  
  23  2:39  SCV  
  25  2:57  Starport  
  25  3:03  Barracks Tech Lab  
  25  3:07  Hellion x2, SCV  
  25  3:09  Orbital Command  
  30  3:16  Bunker  
  30  3:20  SCV  
  31  3:29  Hellion  
  31  3:30  Hellion  
  35  3:35  Medivac  
  35  3:38  SCV  
  38  3:43  Supply Depot  
  38  3:51  SCV  
  39  3:56  Stimpack  
  39  4:14  SCV  
  39  4:15  SCV  
  39  4:16  Starport Reactor  
  39  4:17  Marine  
  41  4:27  SCV x2  
  41  4:29  Widow Mine x2  
  47  4:34  Marine  
  48  4:38  Barracks  
  48  4:39  SCV x2  
  48  4:40  Barracks  
  50  4:52  Marine  
  51  4:54  Viking  
  53  5:05  Viking  
  47  5:30  Barracks Tech Lab  
  47  5:31  Barracks Reactor x2  
  47  5:36  Barracks  
  47  5:37  SCV x2  
  47  5:38  Barracks  
  49  5:52  SCV x2  
  51  6:00  Command Center  
  51  6:06  SCV x2  
  53  6:18  Marine  
  53  6:25  Supply Depot  
  54  6:27  Refinery, Marine x4, Medivac x2  
  54  6:29  Factory Tech Lab  
  54  6:30  Refinery  
  62  6:41  Barracks Reactor x2  
  62  6:46  Marine x2  
  64  6:48  Siege Tank  
  64  6:51  SCV  
  64  6:52  SCV  
  69  7:02  Supply Depot  
  69  7:05  Supply Depot, Marine  
  70  7:11  Marine x2  
  70  7:12  Marine x2, Medivac x2  
  76  7:18  Marine x4  
  80  7:24  Siege Tank  
  83  7:30  Starport  
  83  7:35  Supply Depot  
  83  7:37  Supply Depot, SCV x2  
  83  7:38  Marine x2  
  83  7:40  Marine  
  88  7:53  Orbital Command  
  88  7:55  SCV x2  
  76  8:28  Liberator x2  
  72  8:35  Marine x6  
  72  8:36  Marine x2  
  72  8:37  Marine  
  81  8:47  Starport Reactor  
  90  8:48  Siege Tank  
  90  8:52  SCV x2  
  90  8:55  SCV  
  93  9:00  Supply Depot x2  
  93  9:01  Marine x3  
  96  9:07  SCV  
  97  9:15  Marine x2  
  97  9:16  Marine x2  
  101  9:17  SCV x2  
  101  9:19  SCV  
  104  9:31  SCV  
  104  9:33  Siege Tank  
  104  9:35  Medivac x2  
  104  9:36  Medivac x2  
  116  9:43  SCV  
  102  10:08  Medivac x3  
  102  10:09  Marine, Medivac  
  102  10:10  Marine x6  
  102  10:11  Marine x2  
  102  10:13  Combat Shields  
  119  10:21  Command Center  
  119  10:23  Siege Tank  
  119  10:28  Supply Depot, Marine  
  122  10:29  Supply Depot, Marine x6  
  122  10:30  Marine x2  
  107  11:17  Marine  
  107  11:18  Marine x5  
  85  11:19  Marine x2  
  83  11:56  Marine x3  
  83  11:57  Marine x6  
  92  12:09  SCV x2  
  92  12:12  Orbital Command  
  92  12:14  Marine x5  
  92  12:15  Marine x4  
  102  12:21  SCV x2  
  105  12:33  SCV  
  104  12:51  SCV x2  
  104  12:52  SCV  
  107  13:00  Marine x3  
  107  13:01  Marine x4  
  107  13:02  Engineering Bay  
  107  13:05  SCV x3  
  117  13:17  SCV  
  97  13:29  Liberator x4  
  97  13:32  Marine  
  97  13:33  Marine x5  
  86  13:43  Marine  
  86  13:44  Marine x2  
  101  13:50  Marine  
  101  13:51  Marine x2  
  104  14:10  Marine x7  
  104  14:11  Marine x2  
Tags
 
Composition
MMM BioMMM Bio
League
GoldGold
Matchup
TvT
Race
Terran
Add a new tag
Caveats
  • Supply blocks, unpowered buildings, or Contaminate may cause inaccurate times.
  • Supply counts are checked every 10 seconds.